Map: Whispers of Gold

Players

HeroMarine - Winner!

  • Race: Terran Terran
  • Spawn Location: 5:00

Reynor

  • Race: Zerg Zerg
  • Spawn Location: 9:00

Event: HomeStory Cup XXVI

VOD

Have the link to the VOD?

Description

Time

  • Played on: Nov. 30, 2024, 6:22 a.m.
  • Length: 10:07

All games in this series

Show
View Real Time Build Order
Export as new Build Order

HeroMarine Terran - Winner!

Build Orders: Reaper Expand, Hellion Banshee 

Get SALT Encoding   

  12  0:00  SCV  
  13  0:12  SCV  
  14  0:17  Supply Depot  
  14  0:24  SCV  
  15  0:39  SCV  
  15  0:40  Barracks  
  16  0:44  Refinery  
  16  0:51  SCV  
  17  1:03  SCV  
  18  1:15  SCV  
  19  1:27  Orbital Command, Reaper  
  20  1:43  Command Center  
  20  1:50  Supply Depot  
  20  1:53  SCV  
  21  1:58  Marine  
  22  2:05  SCV  
  23  2:14  Factory  
  23  2:17  SCV  
  23  2:21  Barracks Reactor  
  24  2:29  SCV  
  25  2:40  Command Center  
  25  2:42  SCV  
  26  2:54  SCV  
  26  2:55  Orbital Command  
  27  3:02  Starport  
  27  3:07  SCV  
  27  3:08  Refinery  
  28  3:13  Hellion  
  28  3:19  Hellion  
  32  3:20  SCV  
  32  3:21  SCV  
  34  3:27  Barracks Tech Lab  
  34  3:32  SCV  
  34  3:33  SCV  
  36  3:36  Hellion  
  36  3:40  Hellion  
  40  3:44  SCV  
  40  3:45  SCV  
  42  3:54  Orbital Command, Banshee  
  45  3:56  SCV  
  45  3:57  SCV  
  45  3:59  Marine, Cloaking Field  
  50  4:02  Hellion  
  50  4:06  Hellion  
  52  4:12  SCV x2  
  52  4:13  Supply Depot  
  54  4:19  Barracks Tech Lab  
  54  4:20  SCV  
  55  4:24  SCV  
  55  4:25  SCV  
  61  4:34  SCV  
  61  4:36  Supply Depot, Banshee  
  61  4:37  SCV x2  
  63  4:41  Barracks  
  63  4:42  Marine, Barracks, Factory Reactor  
  64  4:47  Stimpack  
  64  4:48  SCV  
  64  4:49  SCV  
  66  4:54  SCV  
  66  4:57  Refinery x2  
  66  4:59  Supply Depot  
  67  5:01  Orbital Command, SCV  
  67  5:02  Engineering Bay x2  
  67  5:06  SCV  
  69  5:07  Marine  
  69  5:13  SCV  
  71  5:18  SCV  
  72  5:21  Supply Depot  
  72  5:25  SCV, Marine  
  72  5:28  Starport Reactor  
  74  5:30  SCV x2  
  74  5:31  Barracks  
  74  5:32  Barracks  
  74  5:33  Terran Infantry Weapons Level 1, Terran Infantry Armor Level 1  
  76  5:36  Supply Depot  
  76  5:38  SCV  
  76  5:41  Marine  
  76  5:42  SCV x2, Marine  
  81  5:43  Supply Depot, Marine  
  81  5:49  Siege Tank  
  85  5:50  Supply Depot, SCV, Marine  
  85  5:52  Marine  
  85  5:54  SCV x2  
  90  6:02  SCV, Marine  
  90  6:03  Marine x2  
  94  6:06  SCV  
  94  6:07  SCV, Marine  
  94  6:08  Supply Depot  
  94  6:10  Medivac x2  
  101  6:13  Marine  
  101  6:14  Supply Depot, SCV  
  101  6:18  SCV  
  104  6:19  SCV  
  104  6:20  Marine x2  
  104  6:21  Barracks Reactor  
  104  6:24  Barracks Reactor  
  107  6:26  Supply Depot  
  107  6:27  Combat Shield, Supply Depot  
  107  6:30  Refinery  
  107  6:31  Siege Tank  
  112  6:33  Marine x3  
  112  6:35  SCV  
  112  6:38  Marine x2  
  116  6:41  Medivac  
  118  6:47  Supply Depot, Medivac  
  118  6:48  Supply Depot  
  118  6:51  Marine x3  
  118  6:53  Armory  
  123  6:58  Barracks  
  123  6:59  Marine x2, Barracks  
  123  7:00  Barracks  
  125  7:03  Marine  
  125  7:04  Marine x3  
  125  7:07  Siege Tank  
  132  7:08  Marine  
  132  7:09  Marine x2  
  135  7:17  Marine x2  
  135  7:21  Marine  
  135  7:22  Marine x2  
  139  7:24  Marine  
  139  7:26  Marine x3  
  139  7:27  Medivac x2  
  147  7:35  Marine x2  
  146  7:39  Siege Tank, Marine  
  146  7:40  Marine x2  
  146  7:42  Marine  
  153  7:44  Marine x3  
  144  7:53  Marine x2  
  144  7:56  Marine  
  144  7:57  Marine x3, Medivac  
  144  7:58  Marine x2  
  153  8:00  Supply Depot, Marine  
  153  8:02  Marine x3  
  158  8:11  Siege Tank, Marine x2  
  163  8:14  Marine  
  163  8:15  Marine  
  165  8:21  Marine x8  
  170  8:28  Marine  
  170  8:29  Marine  
  170  8:32  Marine x2  
  170  8:39  Marine x3  
  170  8:40  Supply Depot  
  170  8:41  Supply Depot, Marine x5  
  173  8:43  Siege Tank  
  173  8:45  Medivac  
  173  8:46  Marine  
  173  8:47  Marine, Medivac  
  179  8:50  Marine x2  
  173  8:57  Marine x3  
  173  8:59  Marine x5  
  178  9:04  Marine  
  178  9:05  Marine  
  178  9:07  Marine  
  178  9:08  Marine  
  182  9:14  Marine x3  
  182  9:15  Siege Tank, Medivac  
  180  9:17  Marine x5, Medivac  
  180  9:22  Marine  
  180  9:23  Marine  
  171  9:25  Marine  
  171  9:26  Marine  
  154  9:32  Marine x3  
  154  9:35  Marine x5  
  159  9:40  Marine x2  
  159  9:43  Marine  
  159  9:44  Marine  
Show
View Real Time Build Order
Export as new Build Order

Reynor Zerg 

Build Orders: Hatch First 

Get SALT Encoding   

  12  0:00  Drone  
  13  0:12  Overlord  
  13  0:17  Drone  
  14  0:30  Drone x2  
  16  0:47  Hatchery  
  15  0:52  Drone  
  15  0:55  Drone  
  17  0:58  Drone  
  18  1:08  Extractor  
  17  1:14  Spawning Pool  
  17  1:17  Drone  
  17  1:20  Drone  
  18  1:29  Drone  
  19  1:38  Drone  
  20  1:49  Overlord  
  20  2:00  Queen x2  
  20  2:01  Zergling x2  
  25  2:03  Zergling x2  
  26  2:10  Drone  
  26  2:11  Drone  
  28  2:21  Drone x2  
  30  2:25  Spore Crawler  
  29  2:34  Hatchery  
  29  2:37  Drone  
  30  2:38  Drone  
  31  2:46  Metabolic Boost  
  31  2:47  Drone  
  31  2:50  Overlord  
  32  2:58  Queen  
  32  3:01  Drone  
  32  3:03  Drone  
  36  3:12  Overlord  
  36  3:14  Drone x2  
  36  3:15  Drone x2  
  36  3:18  Drone  
  41  3:23  Queen  
  41  3:25  Drone  
  44  3:31  Overlord  
  44  3:35  Drone  
  44  3:36  Drone  
  44  3:39  Queen  
  48  3:46  Drone x2  
  48  3:47  Drone  
  51  3:49  Queen  
  53  3:56  Drone  
  53  3:57  Drone x2  
  53  4:02  Roach Warren  
  55  4:06  Queen  
  55  4:08  Zergling x4  
  59  4:11  Overlord  
  59  4:14  Drone  
  59  4:15  Drone  
  61  4:18  Drone  
  61  4:20  Lair  
  61  4:22  Drone  
  61  4:23  Extractor  
  61  4:24  Drone  
  63  4:26  Zergling x2  
  63  4:29  Overlord  
  63  4:31  Drone  
  65  4:32  Overlord  
  65  4:36  Zergling x2  
  66  4:46  Spore Crawler  
  66  4:47  Spore Crawler x2, Queen, Drone  
  66  4:49  Drone x2  
  68  4:53  Drone x2  
  68  4:55  Drone x3  
  72  5:00  Drone x2  
  72  5:01  Drone x2  
  76  5:08  Drone, Evolution Chamber x2  
  76  5:12  Overlord  
  76  5:13  Drone x2  
  77  5:14  Drone  
  77  5:18  Zergling x2  
  77  5:20  Overlord  
  79  5:23  Overseer  
  79  5:24  Extractor  
  79  5:25  Drone x4, Extractor  
  82  5:29  Overlord  
  82  5:32  Overlord  
  82  5:34  Queen  
  84  5:38  Glial Reconstitution  
  84  5:40  Zerg Missile Weapons Level 1  
  84  5:42  Drone  
  85  5:45  Overlord  
  85  5:48  Overseer  
  85  5:58  Overlord  
  85  6:02  Drone x6  
  85  6:03  Drone x2  
  92  6:04  Overlord  
  92  6:05  Drone x2  
  92  6:08  Overlord  
  92  6:09  Drone x2, Evolution Chamber  
  95  6:15  Overlord  
  95  6:20  Extractor  
  95  6:22  Infestation Pit, Extractor  
  95  6:23  Hatchery  
  95  6:24  Roach x3  
  98  6:25  Drone  
  98  6:28  Drone  
  98  6:31  Spore Crawler  
  98  6:32  Spore Crawler, Roach  
  99  6:34  Roach x2  
  99  6:36  Overlord  
  103  6:40  Zerg Ground Armor Level 1  
  103  6:42  Roach  
  103  6:44  Overlord  
  103  6:46  Roach  
  107  6:55  Roach x4  
  107  6:56  Roach  
  107  6:59  Hive  
  107  7:00  Drone  
  118  7:03  Baneling Nest  
  118  7:04  Roach x2  
  118  7:07  Roach  
  123  7:13  Drone x5  
  128  7:17  Ravager x3  
  128  7:18  Roach  
  128  7:19  Roach  
  128  7:20  Drone x2  
  128  7:21  Drone  
  138  7:24  Drone x3  
  138  7:29  Drone x3  
  140  7:34  Roach x4  
  140  7:43  Queen  
  141  7:44  Drone x3  
  141  7:48  Drone x2  
  141  7:49  Drone x2  
  141  7:50  Drone  
  143  7:53  Centrifugal Hooks  
  143  7:54  Ravager  
  143  7:56  Drone x3  
  143  7:57  Drone  
  148  8:01  Roach  
  148  8:04  Zergling x2, Roach x2  
  148  8:05  Ravager x3  
  157  8:06  Zergling x2, Roach x2  
  163  8:14  Roach x2  
  163  8:18  Overlord x2  
  166  8:22  Hatchery  
  163  8:27  Overlord  
  163  8:32  Overlord  
  163  8:35  Baneling  
  163  8:36  Baneling x13, Viper  
  163  8:39  Zergling x20  
  163  8:40  Overlord  
  176  8:46  Zergling x4  
  165  8:51  Zergling x6  
  165  8:53  Zergling x6  
  156  8:56  Roach  
  156  9:00  Baneling x14  
  146  9:03  Zergling x12  
  146  9:06  Queen  
  146  9:08  Ravager x2  
  152  9:10  Zergling x2  
  152  9:14  Overlord  
  137  9:19  Zergling x8, Roach x2  
  137  9:21  Zergling x2, Roach x2  
  134  9:26  Roach x2  
  134  9:29  Queen  
  134  9:30  Roach  
  131  9:34  Zergling x2, Roach x3  
  131  9:37  Zergling x4  
  129  9:40  Baneling x7  
  129  9:41  Zergling x4  
  129  9:44  Overlord  
  125  9:47  Zergling x4  
Tags
 
Add a new tag
Caveats
  • Supply blocks, unpowered buildings, or Contaminate may cause inaccurate times.
  • Supply counts are checked every 10 seconds.